 Dungeon Crawl Stone Soup version 0.22-a0-181-gb22368a (webtiles) character file.

21247 mhoghedin the Nimble (level 12, -1/91 HPs)
             Began as a Gnoll Wanderer on Feb 14, 2018.
             Was an Initiate of Lugonu.
             Killed by nerve-wracking pain
             ... invoked by an Executioner
             ... created by the fury of Makhleb
              (13 damage)
             ... on level 3 of the Lair of Beasts.
             The game lasted 00:27:01 (13260 turns).

mhoghedin the Nimble (Gnoll Wanderer)              Turns: 13260, Time: 00:27:02

Health: -1/91      AC: 22    Str: 21    XL:     12   Next: 88%
Magic:  23/23      EV: 17    Int: 14    God:    Lugonu [......]
Gold:   979        SH:  0    Dex: 20    Spells: 26/26 levels left

rFire    + . .     SeeInvis .   v - +7 battleaxe "Pakhliof" {protect, Str+3}
rCold    + + .     Gourm    .   (shield currently unavailable)
rNeg     . . .     Faith    .   S - +4 scale mail {rC+}
rPois    .         Spirit   .   F - +2 helmet
rElec    .         Reflect  .   j - +0 cloak
rCorr    .         Harm     .   t - +2 pair of gloves {Dex+3}
MR       .....                  n - +0 pair of boots
Stlth    +++.......             e - amulet of the acrobat
HPRegen  0.25/turn              p - ring of protection from fire {rF+, !d}
MPRegen  0.18/turn              A - ring of protection from cold {rC+, !d}

@: very slightly contaminated, studying Short Blades
A: distributed training, fangs 1, strong nose
a: Renounce Religion


You were on level 3 of the Lair of Beasts.
You worshipped Lugonu.
Lugonu was noncommittal.
You were not hungry.

You visited 2 branches of the dungeon, and saw 15 of its levels.
You visited the Abyss 1 time.

You collected 979 gold pieces.

Inventory:

Hand Weapons
 k - a +0 glaive of distortion {!w}
   (You found it on level 11 of the Dungeon)
 v - the +7 battleaxe "Pakhliof" (weapon) {protect, Str+3}
   (You acquired it on level 10 of the Dungeon)

   It protects the one who uses it against injury (+AC on strike).
   It affects your strength (+3).
 M - the +8 halberd "Eciedept" {chop, Dex+2}
   (You found it on level 1 of the Lair of Beasts)

   It inflicts extra damage upon your enemies.
   It affects your dexterity (+2).
Missiles
 b - 2 throwing nets {=f, !d}
 H - 6 curare-tipped needles
Armour
 j - a +0 cloak (worn)
   (You took it off Maurice on level 10 of the Dungeon)
 n - a +0 pair of boots (worn)
   (You found it on level 5 of the Dungeon)
 t - a +2 pair of gloves of dexterity (worn)
   (You found it on level 4 of the Dungeon)
 F - a +2 helmet (worn)
   (You found it on level 9 of the Dungeon)
 S - a +4 scale mail of cold resistance (worn)
   (You took it off Urug on level 3 of the Lair of Beasts)
Jewellery
 e - an amulet of the acrobat (around neck)
   (You found it on level 1 of the Dungeon)
 p - a ring of protection from fire (left hand) {rF+, !d}
   (You found it on level 2 of the Dungeon)
 r - an uncursed ring of flight {+Fly, !d}
   (You found it on level 5 of the Dungeon)
 y - an uncursed ring of protection from fire {rF+, !d}
   (You found it on level 6 of the Dungeon)
 A - a ring of protection from cold (right hand) {rC+, !d}
   (You took it off a wight on level 6 of the Dungeon)
 B - a +2 ring of dexterity
   (You found it on level 10 of the Dungeon)
Wands
 a - a wand of flame (107)
 w - a wand of paralysis (3)
   (You took it off a wight on level 6 of the Dungeon)
 z - a wand of random effects (26)
   (You found it on level 1 of the Lair of Beasts)
 D - a wand of digging (21)
   (You found it on level 10 of the Dungeon)
 G - a wand of disintegration (15)
   (You found it on level 1 of the Lair of Beasts)
Scrolls
 d - 5 scrolls of remove curse
 g - a scroll of blinking {!r}
 i - 7 scrolls of teleportation
 l - a scroll of vulnerability {unknown}
 o - 2 scrolls of amnesia
 E - 6 scrolls of identify
 N - a scroll of torment {unknown}
 O - a scroll of magic mapping {unknown}
Potions
 c - a potion of ambrosia
 h - 3 potions of mutation {!q}
 m - 2 potions of curing
 u - 7 potions of haste
 x - a potion of flight
 I - 2 potions of resistance
 P - a potion of lignification {unknown}
 Q - a potion of agility
Books
 q - a book of Misfortune
   (You found it on level 11 of the Dungeon)
 C - a manual of Short Blades {!d}
   (You found it on level 11 of the Dungeon)
Miscellaneous
 J - a lamp of fire
   (You found it on level 11 of the Dungeon)
 L - a crystal ball of energy
   (You found it on level 11 of the Dungeon)
Comestibles
 f - 23 rations


   Skills:
 + Level 7.5 Fighting
 + Level 8.5 Short Blades
 + Level 8.0 Long Blades
 + Level 8.0 Axes
 + Level 7.5 Maces & Flails
 + Level 7.5 Polearms
 + Level 7.5 Staves
 + Level 7.5 Slings
 + Level 7.5 Bows
 + Level 7.5 Crossbows
 + Level 7.5 Throwing
 + Level 8.9 Armour
 + Level 10.0 Dodging
 + Level 8.0 Stealth
 + Level 7.5 Shields
 + Level 7.5 Unarmed Combat
 + Level 7.5 Spellcasting
 + Level 6.3 Conjurations
 + Level 6.3 Hexes
 + Level 6.3 Charms
 + Level 6.3 Summonings
 + Level 6.3 Necromancy
 + Level 6.3 Translocations
 + Level 6.3 Transmutations
 + Level 6.3 Fire Magic
 + Level 6.3 Ice Magic
 + Level 6.3 Air Magic
 + Level 6.3 Earth Magic
 + Level 6.3 Poison Magic
 + Level 8.3 Invocations
 + Level 8.9 Evocations


You had 26 spell levels left.
You didn't know any spells.

Dungeon Overview and Level Annotations

Branches:
Dungeon (11/15)            Temple (0/1) D:7            Lair (4/6) D:11
    Orc (0/2) D:9
  Swamp: Lair:2-4    Shoals: Lair:2-4     Snake: Lair:2-4    Spider: Lair:2-4

Altars:
Ashenzari
Dithmenos
Elyvilon
Hepliaklqana
Makhleb
Ru
Trog
Wu Jian
Xom

Shops:
D:11 ?

Portals:
Trove: D:10 (give 6 scrolls of blinking)

Annotations:
D:5 exclusion: Blork the orc, Blork the orc
D:6 KristoblXynda's ghost, novice DrFi


Innate Abilities, Weirdness & Mutations

Your experience applies equally to all skills.
You have very sharp teeth.
Your uncanny sense of smell can sniff out nearby items.


Message History

You feel strangely unstable. The Executioner gestures at you.
Pain shoots through your body! The Executioner gestures at you.
Pain shoots through your body!
You take 14 damage, and have 72/91 hp.
Unknown command.
The Executioner gestures at you. Pain shoots through your body!
You take 6 damage, and have 66/91 hp.
The Executioner hits you!
The Executioner hits you but does no damage.
The Executioner completely misses you. The Executioner hits you!
The Executioner hits you but does no damage.
The Executioner misses you.
You take 24 damage, and have 42/91 hp.
MASSIVE DAMAGE!!
Unknown command.
You closely miss the Executioner.
You bite the Executioner, but do no damage.
Your surroundings suddenly seem different.
Some of the chunks of flesh in your inventory have rotted away.
You are feeling hungry.
Eating a chunk of flesh {@w0}.
You eat the chunk of flesh {@w0}.
You start resting.
Health restored: 91 A spiny frog comes into view.
You can't go down here!
No target in view!
No target in view!
No target in view!
No target in view!
No target in view!
No target in view!
No target in view!
No target in view!
No target in view!
No target in view!
No target in view!
No target in view!
No target in view!
You closely miss the spiny frog.
The spiny frog croaks.
The spiny frog completely misses you.
You hit the spiny frog but do no damage.
Your weapon exudes an aura of protection.
You bite the spiny frog, but do no damage.
The spiny frog stings you but does no damage.
The spiny frog misses you.
You hit the spiny frog. The Executioner barely misses you.
The Executioner hits you but does no damage.
The Executioner hits you. The spiny frog stings you!
The Executioner gestures.
The Executioner seems to speed up.
You take 16 damage, and have 75/91 hp.
Unknown command.
The Executioner hits you. x2
The Executioner hits you but does no damage.
The Executioner barely misses you.
The Executioner hits you but does no damage. x2
The spiny frog stings you but does no damage.
The Executioner completely misses you. The Executioner hits you.
The Executioner barely misses you. The spiny frog completely misses you.
You take 8 damage, and have 67/91 hp.
The Executioner completely misses you. The Executioner closely misses you.
The Executioner hits you but does no damage.
The Executioner closely misses you. x2
The Executioner hits you but does no damage.
The Executioner hits you but does no damage.
The Executioner completely misses you. The Executioner hits you.
The Executioner gestures at you. You resist with significant effort.
You take 1 damage, and have 67/91 hp.
The Executioner hits you!!
The Executioner hits you but does no damage.
The Executioner closely misses you. The Executioner hits you!
The Executioner completely misses you. x2
You take 33 damage, and have 34/91 hp.
MASSIVE DAMAGE!!
Unknown command.
Really read
g - 2 scrolls of blinking {!r}?
Blink to where?
You are very lightly contaminated with residual magic.
As you read the scroll of blinking {!r}, it crumbles to dust.
The Executioner gestures at you. Pain shoots through your body!
* * * LOW HITPOINT WARNING * * *
You take 12 damage, and have 23/91 hp.
The Executioner hits you but does no damage.
The Executioner completely misses you.
The Executioner hits you but does no damage.
There is a stone staircase leading down here.
The Executioner hits you but does no damage.
The Executioner hits you.
* * * LOW HITPOINT WARNING * * *
The Executioner hits you!
* * * LOW HITPOINT WARNING * * *
The Executioner gestures at you. Pain shoots through your body!
You die...

### ### #####.## ###.###
########.P###.######### #
#.##..###...............##.##.#P#
.................................
..........F....1@................
......ยง..........................
.................................
###..##..................####.#.#
###..##..#.#...P........## #####
.......##................#
.................#......##
...##..........#........#
..###...#.##............#


You could see an Executioner and a spiny frog.

Vanquished Creatures
  Gastronok (Lair:2)
  2 hydras (D:11)
  2 two-headed ogres
  The ghost of Kidiri the Thaumaturge, a journeyman DEFE of Vehumet (D:11)
  A tengu warrior (D:11)
  Urug (Lair:3)
  An ugly thing (D:11)
  Maurice (D:10)
  A black mamba (Lair:1)
  3 spiny frogs
  A rime drake (Lair:3)
  2 komodo dragons (Lair:1)
  3 trolls
  A polar bear (Lair:2)
  A hornet (D:11)
  Grinder (D:4)
  5 blink frogs (Lair:3)
  7 hippogriffs
  Eustachio (D:5)
  7 yaks
  A human (D:8)
  2 wyverns
  3 hogs (D:8)
  4 hungry ghosts
  5 water moccasins
  5 porcupines
  2 orc warriors
  4 sky beasts
  3 ice beasts
  6 black bears
  An eye of draining (D:10)
  3 ogres
  2 phantoms
  5 centaurs
  A crocodile (D:9)
  2 big kobolds (D:9)
  7 bullfrogs
  A gnoll sergeant (D:11)
  7 scorpions
  7 killer bees
  An electric eel (Lair:3)
  8 howler monkeys
  5 wights (D:6)
  A centaur zombie (D:11)
  3 crimson imps
  A bullfrog zombie (D:7)
  A jelly (D:8)
  A bullfrog skeleton (D:9)
  4 orc priests
  10 hounds
  7 orc wizards
  A centaur skeleton (D:11)
  3 iguanas
  9 worker ants
  A hound zombie (D:7)
  2 hound skeletons
  A worker ant zombie (D:10)
  4 gnolls (D:6)
  12 adders
  6 shadow imps
  3 worms
  A dart slug (D:1)
  4 leopard geckos
  22 orcs
  A ball python (D:2)
  8 giant cockroaches
  9 hobgoblins
  4 jackals (D:2)
  9 quokkas
  9 bats
  3 frilled lizards
  5 goblins
  14 kobolds
  A quokka zombie (D:6)
  7 rats
295 creatures vanquished.

Vanquished Creatures (others)
  A manticore (D:11)
  7 fungi
  5 plants (D:11)
13 creatures vanquished.

Grand Total: 308 creatures vanquished

Notes
Turn   | Place    | Note
-------+----------+-------------------------------------------
     0 | D:1      | mhoghedin the Gnoll Wanderer began the quest for the Orb.
     0 | D:1      | mhoghedin set off with: a wand of flame (15), a +0 falchion, a +0 hand axe, a +0 robe, a ration
     0 | D:1      | Reached XP level 1. HP: 13/13 MP: 3/3
   258 | D:1      | Reached XP level 2. HP: 19/19 MP: 5/5
   499 | D:2      | HP: 5/20 [worm (5)]
   793 | D:2      | Reached XP level 3. HP: 16/25 MP: 6/6
  1101 | D:2      | Found a shattered altar of Ashenzari.
  1290 | D:2      | Reached skill level 1 in Invocations
  1415 | D:2      | Reached skill level 1 in Fighting
  1415 | D:2      | Reached skill level 1 in Short Blades
  1415 | D:2      | Reached skill level 1 in Maces & Flails
  1415 | D:2      | Reached skill level 1 in Polearms
  1415 | D:2      | Reached skill level 1 in Staves
  1415 | D:2      | Reached skill level 1 in Slings
  1415 | D:2      | Reached skill level 1 in Bows
  1415 | D:2      | Reached skill level 1 in Crossbows
  1415 | D:2      | Reached skill level 1 in Throwing
  1415 | D:2      | Reached skill level 1 in Shields
  1415 | D:2      | Reached skill level 1 in Unarmed Combat
  1415 | D:2      | Reached skill level 1 in Spellcasting
  1477 | D:2      | Reached XP level 4. HP: 27/32 MP: 7/7
  1944 | D:2      | HP: 7/32 [orc wizard/dagger (3)]
  1944 | D:2      | HP: 2/32 [orc wizard/dagger (5)]
  1948 | D:2      | Reached skill level 1 in Conjurations
  1948 | D:2      | Reached skill level 1 in Hexes
  1948 | D:2      | Reached skill level 1 in Charms
  1948 | D:2      | Reached skill level 1 in Summonings
  1948 | D:2      | Reached skill level 1 in Necromancy
  1948 | D:2      | Reached skill level 1 in Translocations
  1948 | D:2      | Reached skill level 1 in Transmutations
  1948 | D:2      | Reached skill level 1 in Fire Magic
  1948 | D:2      | Reached skill level 1 in Ice Magic
  1948 | D:2      | Reached skill level 1 in Air Magic
  1948 | D:2      | Reached skill level 1 in Earth Magic
  1948 | D:2      | Reached skill level 1 in Poison Magic
  2207 | D:3      | Reached XP level 5. HP: 37/37 MP: 8/8
  2469 | D:4      | Noticed Grinder
  2499 | D:5      | Entered Level 5 of the Dungeon
  2536 | D:5      | Reached skill level 3 in Long Blades
  2536 | D:5      | Reached skill level 3 in Axes
  2584 | D:5      | Reached skill level 2 in Invocations
  2584 | D:5      | Reached XP level 6. HP: 20/44 MP: 9/9
  2760 | D:5      | Found a burning altar of Makhleb.
  2790 | D:5      | Became a worshipper of Makhleb the Destroyer
  2851 | D:5      | Reached skill level 3 in Stealth
  2987 | D:5      | Reached skill level 5 in Armour
  2987 | D:5      | Reached skill level 5 in Evocations
  3004 | D:5      | Reached skill level 2 in Fighting
  3004 | D:5      | Reached skill level 2 in Short Blades
  3004 | D:5      | Reached skill level 2 in Maces & Flails
  3004 | D:5      | Reached skill level 2 in Polearms
  3004 | D:5      | Reached skill level 2 in Staves
  3004 | D:5      | Reached skill level 2 in Slings
  3004 | D:5      | Reached skill level 2 in Bows
  3004 | D:5      | Reached skill level 2 in Crossbows
  3004 | D:5      | Reached skill level 2 in Throwing
  3004 | D:5      | Reached skill level 2 in Shields
  3004 | D:5      | Reached skill level 2 in Unarmed Combat
  3004 | D:5      | Reached skill level 2 in Spellcasting
  3164 | D:5      | Found a bloodstained altar of Trog.
  3236 | D:5      | Reached XP level 7. HP: 27/50 MP: 10/10
  3463 | D:5      | Reached skill level 7 in Dodging
  3660 | D:5      | Noticed Eustachio
  3680 | D:5      | Killed Eustachio
  3680 | D:5      | Reached skill level 2 in Conjurations
  3680 | D:5      | Reached skill level 2 in Hexes
  3680 | D:5      | Reached skill level 2 in Charms
  3680 | D:5      | Reached skill level 2 in Summonings
  3680 | D:5      | Reached skill level 2 in Necromancy
  3680 | D:5      | Reached skill level 2 in Translocations
  3680 | D:5      | Reached skill level 2 in Transmutations
  3680 | D:5      | Reached skill level 2 in Fire Magic
  3680 | D:5      | Reached skill level 2 in Ice Magic
  3680 | D:5      | Reached skill level 2 in Air Magic
  3680 | D:5      | Reached skill level 2 in Earth Magic
  3680 | D:5      | Reached skill level 2 in Poison Magic
  3739 | D:5      | Noticed Blork the orc
  4004 | D:4      | Found a sacrificial altar of Ru.
  4045 | D:4      | Reached * piety under Makhleb
  4228 | D:3      | Found a shimmering altar of Xom.
  4286 | D:3      | Reached skill level 3 in Invocations
  4733 | D:4      | Reached XP level 8. HP: 57/57 MP: 12/12
  5070 | D:4      | Paralysed by Grinder for 2 turns
  5077 | D:4      | Killed Grinder
  5077 | D:4      | Reached skill level 3 in Fighting
  5077 | D:4      | Reached skill level 3 in Short Blades
  5077 | D:4      | Reached skill level 4 in Long Blades
  5077 | D:4      | Reached skill level 4 in Axes
  5077 | D:4      | Reached skill level 3 in Maces & Flails
  5077 | D:4      | Reached skill level 3 in Polearms
  5077 | D:4      | Reached skill level 3 in Staves
  5077 | D:4      | Reached skill level 3 in Slings
  5077 | D:4      | Reached skill level 3 in Bows
  5077 | D:4      | Reached skill level 3 in Crossbows
  5077 | D:4      | Reached skill level 3 in Throwing
  5077 | D:4      | Reached skill level 3 in Shields
  5077 | D:4      | Reached skill level 3 in Unarmed Combat
  5077 | D:4      | Reached skill level 3 in Spellcasting
  5178 | D:6      | Reached skill level 4 in Stealth
  5366 | D:6      | Noticed KristoblXynda's ghost (novice DrFi)
  5526 | D:6      | Found a shadowy altar of Dithmenos.
  5725 | D:6      | Reached ** piety under Makhleb
  5736 | D:6      | Reached skill level 3 in Conjurations
  5736 | D:6      | Reached skill level 3 in Hexes
  5736 | D:6      | Reached skill level 3 in Charms
  5736 | D:6      | Reached skill level 3 in Summonings
  5736 | D:6      | Reached skill level 3 in Necromancy
  5736 | D:6      | Reached skill level 3 in Translocations
  5736 | D:6      | Reached skill level 3 in Transmutations
  5736 | D:6      | Reached skill level 3 in Fire Magic
  5736 | D:6      | Reached skill level 3 in Ice Magic
  5736 | D:6      | Reached skill level 3 in Air Magic
  5736 | D:6      | Reached skill level 3 in Earth Magic
  5736 | D:6      | Reached skill level 3 in Poison Magic
  5736 | D:6      | Reached skill level 4 in Invocations
  5860 | D:6      | Reached skill level 6 in Armour
  5860 | D:6      | Reached skill level 6 in Evocations
  5860 | D:6      | Reached XP level 9. HP: 62/65 MP: 14/14
  6114 | D:7      | Reached skill level 4 in Fighting
  6114 | D:7      | Reached skill level 4 in Short Blades
  6114 | D:7      | Reached skill level 4 in Maces & Flails
  6114 | D:7      | Reached skill level 4 in Polearms
  6114 | D:7      | Reached skill level 4 in Staves
  6114 | D:7      | Reached skill level 4 in Slings
  6114 | D:7      | Reached skill level 4 in Bows
  6114 | D:7      | Reached skill level 4 in Crossbows
  6114 | D:7      | Reached skill level 4 in Throwing
  6114 | D:7      | Reached skill level 4 in Shields
  6114 | D:7      | Reached skill level 4 in Unarmed Combat
  6114 | D:7      | Reached skill level 4 in Spellcasting
  6209 | D:7      | Found a staircase to the Ecumenical Temple.
  6286 | D:7      | You fall through a shaft for 3 floors!
  6286 | D:10     | Entered Level 10 of the Dungeon
  6303 | D:10     | Reached skill level 5 in Long Blades
  6303 | D:10     | Reached skill level 5 in Axes
  6484 | D:10     | Noticed Maurice
  6508 | D:10     | Killed Maurice
  6508 | D:10     | Reached skill level 8 in Dodging
  6508 | D:10     | Reached skill level 5 in Stealth
  6532 | D:10     | Identified a scroll of acquirement
  6535 | D:10     | Got an ichor-stained battleaxe
  6536 | D:10     | Identified the +7 battleaxe "Pakhliof" {protect, Str+3} (You acquired it on level 10 of the Dungeon)
  6621 | D:10     | Noticed a troll
  6627 | D:10     | Killed a troll
  6627 | D:10     | Reached skill level 5 in Invocations
  6652 | D:10     | Noticed a troll
  6660 | D:10     | Killed a troll
  6660 | D:10     | Reached XP level 10. HP: 73/73 MP: 17/17
  6744 | D:9      | Reached skill level 4 in Conjurations
  6744 | D:9      | Reached skill level 4 in Hexes
  6744 | D:9      | Reached skill level 4 in Charms
  6744 | D:9      | Reached skill level 4 in Summonings
  6744 | D:9      | Reached skill level 4 in Necromancy
  6744 | D:9      | Reached skill level 4 in Translocations
  6744 | D:9      | Reached skill level 4 in Transmutations
  6744 | D:9      | Reached skill level 4 in Fire Magic
  6744 | D:9      | Reached skill level 4 in Ice Magic
  6744 | D:9      | Reached skill level 4 in Air Magic
  6744 | D:9      | Reached skill level 4 in Earth Magic
  6744 | D:9      | Reached skill level 4 in Poison Magic
  6815 | D:9      | Reached skill level 5 in Fighting
  6815 | D:9      | Reached skill level 5 in Short Blades
  6815 | D:9      | Reached skill level 5 in Maces & Flails
  6815 | D:9      | Reached skill level 5 in Polearms
  6815 | D:9      | Reached skill level 5 in Staves
  6815 | D:9      | Reached skill level 5 in Slings
  6815 | D:9      | Reached skill level 5 in Bows
  6815 | D:9      | Reached skill level 5 in Crossbows
  6815 | D:9      | Reached skill level 5 in Throwing
  6815 | D:9      | Reached skill level 5 in Shields
  6815 | D:9      | Reached skill level 5 in Unarmed Combat
  6815 | D:9      | Reached skill level 5 in Spellcasting
  6821 | D:9      | Reached *** piety under Makhleb
  6865 | D:9      | Reached skill level 7 in Armour
  6865 | D:9      | Reached skill level 7 in Evocations
  6953 | D:9      | Found a staircase to the Orcish Mines.
  7054 | D:9      | Reached skill level 6 in Long Blades
  7054 | D:9      | Reached skill level 6 in Axes
  7340 | D:9      | Noticed a two-headed ogre
  7358 | D:9      | Killed a two-headed ogre
  7358 | D:9      | Reached skill level 6 in Stealth
  7358 | D:9      | Reached skill level 6 in Invocations
  7771 | D:8      | Reached XP level 11. HP: 81/81 MP: 19/19
  7777 | D:8      | Found a white marble altar of Elyvilon.
  7782 | D:8      | Noticed a two-headed ogre
  7791 | D:8      | Killed a two-headed ogre
  7984 | D:8      | Found a hazy altar of Hepliaklqana.
  8206 | D:8      | Reached **** piety under Makhleb
  8215 | D:8      | Reached skill level 9 in Dodging
  8219 | D:8      | Reached skill level 6 in Fighting
  8219 | D:8      | Reached skill level 6 in Short Blades
  8219 | D:8      | Reached skill level 6 in Maces & Flails
  8219 | D:8      | Reached skill level 6 in Polearms
  8219 | D:8      | Reached skill level 6 in Staves
  8219 | D:8      | Reached skill level 6 in Slings
  8219 | D:8      | Reached skill level 6 in Bows
  8219 | D:8      | Reached skill level 6 in Crossbows
  8219 | D:8      | Reached skill level 6 in Throwing
  8219 | D:8      | Reached skill level 6 in Shields
  8219 | D:8      | Reached skill level 6 in Unarmed Combat
  8219 | D:8      | Reached skill level 6 in Spellcasting
  8473 | D:7      | Reached skill level 5 in Conjurations
  8473 | D:7      | Reached skill level 5 in Hexes
  8473 | D:7      | Reached skill level 5 in Charms
  8473 | D:7      | Reached skill level 5 in Summonings
  8473 | D:7      | Reached skill level 5 in Necromancy
  8473 | D:7      | Reached skill level 5 in Translocations
  8473 | D:7      | Reached skill level 5 in Transmutations
  8473 | D:7      | Reached skill level 5 in Fire Magic
  8473 | D:7      | Reached skill level 5 in Ice Magic
  8473 | D:7      | Reached skill level 5 in Air Magic
  8473 | D:7      | Reached skill level 5 in Earth Magic
  8473 | D:7      | Reached skill level 5 in Poison Magic
  9189 | D:10     | Found a portal to a secret trove of treasure.
  9320 | D:11     | Noticed a green ugly thing
  9339 | D:11     | Noticed a five-headed hydra
  9350 | D:11     | Killed a green ugly thing
  9356 | D:11     | Killed an eight-headed hydra
  9364 | D:11     | Noticed a six-headed hydra
  9376 | D:11     | Noticed a manticore
  9416 | D:11     | Reached skill level 7 in Invocations
  9611 | D:11     | Noticed a cyan ugly thing
  9616 | D:11     | HP: 15/82 [cyan ugly thing (14)]
  9620 | D:11     | Noticed a tengu warrior
  9625 | D:11     | Found a staircase to the Lair.
  9628 | D:11     | HP: 15/82 [orc warrior/mace (3)]
  9811 | D:11     | Killed a tengu warrior
  9811 | D:11     | Reached skill level 7 in Long Blades
  9811 | D:11     | Reached skill level 7 in Axes
  9811 | D:11     | Reached skill level 8 in Armour
  9811 | D:11     | Reached skill level 8 in Evocations
  9985 | D:11     | Got a shadowed robe
 10004 | D:11     | Reached skill level 7 in Stealth
 10067 | D:11     | Identified the +2 robe "Vemups" {Str+5} (You found it on level 11 of the Dungeon)
 10097 | D:11     | Noticed Kidiri's ghost (journeyman DEFE)
 10111 | D:11     | Killed Kidiri's ghost
 10132 | D:11     | HP: 15/83 [eight-headed hydra (6)]
 10133 | D:11     | Killed a nine-headed hydra
 10151 | D:11     | Reached XP level 12. HP: 37/89 MP: 22/22
 10322 | D:11     | Found an ornate altar of the Wu Jian Council.
 10366 | D:11     | Found Mattul's Magic Scroll Shop.
 10451 | D:11     | Reached skill level 7 in Short Blades
 10500 | D:11     | Noticed a two-headed ogre
 10548 | D:11     | Reached ***** piety under Makhleb
 10837 | Lair:1   | Entered Level 1 of the Lair of Beasts
 11242 | Lair:1   | Reached skill level 7 in Fighting
 11242 | Lair:1   | Reached skill level 7 in Maces & Flails
 11242 | Lair:1   | Reached skill level 7 in Polearms
 11242 | Lair:1   | Reached skill level 7 in Staves
 11242 | Lair:1   | Reached skill level 7 in Slings
 11242 | Lair:1   | Reached skill level 7 in Bows
 11242 | Lair:1   | Reached skill level 7 in Crossbows
 11242 | Lair:1   | Reached skill level 7 in Throwing
 11242 | Lair:1   | Reached skill level 7 in Shields
 11242 | Lair:1   | Reached skill level 7 in Unarmed Combat
 11242 | Lair:1   | Reached skill level 7 in Spellcasting
 11734 | Lair:1   | Got an ichor-stained halberd
 11735 | Lair:1   | Identified the +8 halberd "Eciedept" {chop, Dex+2} (You found it on level 1 of the Lair of Beasts)
 11735 | Lair:1   | Cast into level 2 of the Abyss (a distortion unwield)
 11750 | Abyss:2  | Found a corrupted altar of Lugonu.
 11795 | Abyss:2  | Found a corrupted altar of Lugonu.
 11821 | Abyss:2  | Fell from the grace of Makhleb
 11821 | Abyss:2  | Became a worshipper of Lugonu the Unformed
 11821 | Abyss:2  | Reached * piety under Lugonu
 11822 | Lair:1   | Escaped the Abyss
 12303 | Lair:2   | Noticed Gastronok
 12323 | Lair:2   | Killed Gastronok
 12323 | Lair:2   | Reached skill level 8 in Short Blades
 12323 | Lair:2   | Reached skill level 6 in Conjurations
 12323 | Lair:2   | Reached skill level 6 in Hexes
 12323 | Lair:2   | Reached skill level 6 in Charms
 12323 | Lair:2   | Reached skill level 6 in Summonings
 12323 | Lair:2   | Reached skill level 6 in Necromancy
 12323 | Lair:2   | Reached skill level 6 in Translocations
 12323 | Lair:2   | Reached skill level 6 in Transmutations
 12323 | Lair:2   | Reached skill level 6 in Fire Magic
 12323 | Lair:2   | Reached skill level 6 in Ice Magic
 12323 | Lair:2   | Reached skill level 6 in Air Magic
 12323 | Lair:2   | Reached skill level 6 in Earth Magic
 12323 | Lair:2   | Reached skill level 6 in Poison Magic
 12323 | Lair:2   | Reached skill level 8 in Invocations
 12348 | Lair:2   | Noticed an Executioner
 12588 | Lair:3   | Noticed Urug
 12597 | Lair:3   | Killed Urug
 12697 | Lair:3   | Reached skill level 8 in Long Blades
 12697 | Lair:3   | Reached skill level 8 in Axes
 12697 | Lair:3   | Reached skill level 10 in Dodging
 12806 | Lair:3   | Reached skill level 8 in Stealth
 12868 | Lair:3   | Noticed an Executioner
 13260 | Lair:3   | HP: 20/91 [Executioner[the fury of Makhleb] (3)]
 13260 | Lair:3   | Killed from afar by an Executioner

Vault maps used:
D:1:      eino_arrival_druids_welcome
D:2:      ashenzari_conservatory_becter, minmay_tetromino_o4
D:3:      nicolae_overflow_crystal_walls
D:4:      nicolae_ru_great_annihilating_truth, first_ration,
          kennysheep_generic_room_9, uniq_grinder
D:5:      bloody_trog, makhleb_heckhound_becter, tgw_sif, st_stairs_6,
          uniq_blork_the_orc, uniq_ijyb, uniq_eustachio
D:6:      nicolae_dithmenos_through_a_glass_darkly
D:7:      temple_pool_b
D:8:      marbit_many_paths, lemuel_doored_altar, serial_glass, glass_columns_b,
          glass_columns_a, glass_columns_c, glass_columns_a, glass_columns_a,
          grunt_livestock
D:9:      lemuel_ice_spiral_2, orc_0_dummy
D:10:     nicolae_trove_entry_columns, uniq_maurice
D:11:     minmay_the_grid_square_5x5_3x3, grunt_lair_entry_orc_guard_hut,
          basic_altar, serial_shops, kennysheep_mini_moat
Lair:1:   infiniplex_staircase_pool, grunt_megastairs_4, lemuel_fruit_fields
Lair:2:   nicolae_swamp_entry_splash_gauntlet, lemuel_fruit_fields,
          uniq_gastronok
Lair:3:   grunt_megastairs_1, uniq_urug
Lair:4:   spider_nest_entry_funnel_web, beast_lair_carwin_10,
          serial_bayou_shore_b, lemuel_fruit_tree, minmay_lair_oklob_chamber

Skill      XL: |  1  2  3  4  5  6  7  8  9 10 11 12 |
---------------+-------------------------------------+-----
Invocations    | 1 2 3 4 5 6 7 8 |  8.3
Fighting       | 1 2 3 4 5 6 7 |  7.5
Short Blades   | 1 2 3 4 5 6 8 |  8.5
Maces & Flails | 1 2 3 4 5 6 7 |  7.5
Polearms       | 1 2 3 4 5 6 7 |  7.5
Staves         | 1 2 3 4 5 6 7 |  7.5
Slings         | 1 2 3 4 5 6 7 |  7.5
Bows           | 1 2 3 4 5 6 7 |  7.5
Crossbows      | 1 2 3 4 5 6 7 |  7.5
Throwing       | 1 2 3 4 5 6 7 |  7.5
Shields        | 1 2 3 4 5 6 7 |  7.5
Unarmed Combat | 1 2 3 4 5 6 7 |  7.5
Spellcasting   | 1 2 3 4 5 6 7 |  7.5
Conjurations   | 1 2 3 4 5 6 |  6.3
Hexes          | 1 2 3 4 5 6 |  6.3
Charms         | 1 2 3 4 5 6 |  6.3
Summonings     | 1 2 3 4 5 6 |  6.3
Necromancy     | 1 2 3 4 5 6 |  6.3
Translocations | 1 2 3 4 5 6 |  6.3
Transmutations | 1 2 3 4 5 6 |  6.3
Fire Magic     | 1 2 3 4 5 6 |  6.3
Ice Magic      | 1 2 3 4 5 6 |  6.3
Air Magic      | 1 2 3 4 5 6 |  6.3
Earth Magic    | 1 2 3 4 5 6 |  6.3
Poison Magic   | 1 2 3 4 5 6 |  6.3
Long Blades    | 3 4 5 6 7 8 |  8.0
Axes           | 3 4 5 6 7 8 |  8.0
Stealth        | 3 4 5 6 7 8 |  8.0
Armour         | 5 6 7 8 |  8.9
Evocations     | 5 6 7 8 |  8.9
Dodging        | 7 8 9 10 | 10.0

Action                   |  1- 3 |  4- 6 |  7- 9 | 10-12 || total
-------------------------+-------+-------+-------+-------++-------
Melee: Hand axe          |    36 |       |       |       ||    36
       Bite              |    15 |    17 |    48 |    74 ||   154
       Falchion          |    40 |       |       |       ||    40
       Whip              |    31 |   146 |   348 |       ||   525
       Punch             |       |     2 |     6 |       ||     8
       Battleaxe         |       |       |    18 |   363 ||   381
       Glaive            |       |       |       |   118 ||   118
       Halberd           |       |       |       |    10 ||    10
Invok: Minor Destruction |       |       |    17 |     4 ||    21
       Major Destruction |       |       |       |     3 ||     3
       Depart the Abyss  |       |       |       |     1 ||     1
Evoke: Wand              |       |       |     3 |    10 ||    13
       Sack of spiders   |       |       |       |     1 ||     1
       Lamp of fire      |       |       |       |     1 ||     1
  Use: Potion            |       |     2 |       |     3 ||     5
       Scroll            |       |       |    11 |    15 ||    26
 Stab: Sleeping          |     8 |     8 |     9 |    15 ||    40
       Invisible         |       |       |     1 |       ||     1
       Paralysed         |       |       |     2 |     9 ||    11
       Distracted        |       |       |       |     4 ||     4
  Eat: Chunk             |     2 |     3 |    11 |    15 ||    31
       Ration            |       |     1 |       |     4 ||     5
Armor: Robe              |    16 |    32 |     1 |    50 ||    99
       Leather armour    |       |       |    72 |    98 ||   170
       Scale mail        |       |       |       |    52 ||    52
Dodge: Dodged            |    97 |   137 |   315 |   590 ||  1139
       Rpst.: Falchion   |     7 |       |       |       ||     7

Table legend:
 A = Spawn XP
 B = Non-spawn XP
 C = Spawn XP percentage of total XP
 D = Spawn monster count
 E = Non-spawn monster count
 F = Spawn count percentage of total count
 G = Total turns spent on level
                    A         B        C        D         E        F      G
               +---------+---------+-------+---------+---------+-------+---------
         Total |       0 |   30353 |   0.0 |       0 |     296 |   0.0 | 13260
               +---------+---------+-------+---------+---------+-------+---------
           D:1 |       0 |      30 |   0.0 |       0 |      17 |   0.0 |   760
           D:2 |       0 |     109 |   0.0 |       0 |      30 |   0.0 |  1430
           D:3 |       0 |     152 |   0.0 |       0 |      18 |   0.0 |   538
           D:4 |       0 |     400 |   0.0 |       0 |      14 |   0.0 |   966
           D:5 |       0 |     820 |   0.0 |       0 |      23 |   0.0 |  1479
           D:6 |       0 |    1068 |   0.0 |       0 |      23 |   0.0 |   854
           D:7 |       0 |    1477 |   0.0 |       0 |      25 |   0.0 |   880
           D:8 |       0 |    3112 |   0.0 |       0 |      27 |   0.0 |   805
           D:9 |       0 |    3286 |   0.0 |       0 |      34 |   0.0 |   808
          D:10 |       0 |    1680 |   0.0 |       0 |      11 |   0.0 |   718
          D:11 |       0 |    7727 |   0.0 |       0 |      41 |   0.0 |  1599
        Lair:1 |       0 |    3312 |   0.0 |       0 |      15 |   0.0 |  1163
        Lair:2 |       0 |    2745 |   0.0 |       0 |       3 |   0.0 |   265
        Lair:3 |       0 |    4435 |   0.0 |       0 |      15 |   0.0 |   795
               +---------+---------+-------+---------+---------+-------+---------

Vault maps used:
D:1:      eino_arrival_druids_welcome
D:2:      ashenzari_conservatory_becter, minmay_tetromino_o4
D:3:      nicolae_overflow_crystal_walls
D:4:      nicolae_ru_great_annihilating_truth, first_ration,
          kennysheep_generic_room_9, uniq_grinder
D:5:      bloody_trog, makhleb_heckhound_becter, tgw_sif, st_stairs_6,
          uniq_blork_the_orc, uniq_ijyb, uniq_eustachio
D:6:      nicolae_dithmenos_through_a_glass_darkly
D:7:      temple_pool_b
D:8:      marbit_many_paths, lemuel_doored_altar, serial_glass, glass_columns_b,
          glass_columns_a, glass_columns_c, glass_columns_a, glass_columns_a,
          grunt_livestock
D:9:      lemuel_ice_spiral_2, orc_0_dummy
D:10:     nicolae_trove_entry_columns, uniq_maurice
D:11:     minmay_the_grid_square_5x5_3x3, grunt_lair_entry_orc_guard_hut,
          basic_altar, serial_shops, kennysheep_mini_moat
Lair:1:   infiniplex_staircase_pool, grunt_megastairs_4, lemuel_fruit_fields
Lair:2:   nicolae_swamp_entry_splash_gauntlet, lemuel_fruit_fields,
          uniq_gastronok
Lair:3:   grunt_megastairs_1, uniq_urug
Lair:4:   spider_nest_entry_funnel_web, beast_lair_carwin_10,
          serial_bayou_shore_b, lemuel_fruit_tree, minmay_lair_oklob_chamber

Table legend:
 A = Turns spent in this place as a percentage of turns spent in the entire game.
 B = Non-inter-level travel turns spent in this place as a percentage of non-inter-level travel turns spent in the entire game.
 C = Inter-level travel turns spent in this place as a percentage of turns spent in this place.
 D = Turns resting spent in this place as a percentage of non-inter-level travel turns spent in this place.
 E = Turns spent auto-exploring this place as a percentage of non-inter-level travel turns spent in this place.
 F = Non-inter-level travel turns spent in this place divided by the number of levels of this place that you've seen.
                   A       B       C       D       E      F
               +-------+-------+-------+-------+-------+----------------------
         Total | 100.0 | 100.0 |   4.8 |  22.2 |  54.4 | 788.8
       Dungeon |  81.7 |  81.3 |   5.4 |  20.6 |  55.8 | 932.3
          Lair |  17.6 |  18.1 |   2.4 |  30.3 |  48.8 | 569.8
         Abyss |   0.7 |   0.7 |   0.0 |   0.0 |  31.0 |  87.0
               +-------+-------+-------+-------+-------+----------------------

Table legend:
 A = Kills in this place as a percentage of kills in entire the game.
 B = Kills by you in this place as a percentage of kills by you in the entire game.
 C = Kills by friends in this place as a percentage of kills by friends in the entire game.
 D = Other kills in this place as a percentage of other kills in the entire game.
 E = Experience gained in this place as a percentage of experience gained in the entire game.
 F = Experience gained in this place divided by the number of levels of this place that you have seen.
                   A       B       C       D       E      F
               +-------+-------+-------+-------+-------+----------------------
         Total | 100.0 | 100.0 |   N/A | 100.0 | 100.0 | 1897.1
       Dungeon |  88.9 |  88.8 |   N/A | 100.0 |  65.4 | 1805.5
          Lair |  11.1 |  11.2 |   N/A |   0.0 |  34.6 | 2623.0
               +-------+-------+-------+-------+-------+----------------------
